 Dungeon Crawl Stone Soup version 0.31-a0-489-g282fc92437 (webtiles) character file.

Game seed: 16424364684534291343

34 Morbidden the Conjurer (level 3, -1/25 HPs)
             Began as a Demonspawn Conjurer on Aug 8, 2023.
             Slain by an adder (3 damage)
             ... on level 2 of the Dungeon.
             The game lasted 00:00:59 (1219 turns).

Morbidden the Conjurer (Demonspawn Conjurer)        Turns: 1219, Time: 00:00:59

Health: -1/25      AC:  2    Str:  7    XL:     3   Next: 14%
Magic:  1/6        EV: 12    Int: 21    God:
Gold:   60         SH:  0    Dex: 11    Spells: 3/6 levels left

rFire   . . .        A - +0 mace (drain)
rCold   . . .        (no shield)
rNeg    . . .        a - +0 robe
rPois   .            (no helmet)
rElec   .            (no cloak)
rCorr   .            (no gloves)
SInv    .            (no boots)
Will    .....        (no amulet)
Stlth   ++           (no ring)
HPRegen 0.24/turn    (no ring)
MPRegen 0.10/turn

%: no passive effects
@: lethally poisoned (-1 -> -4)
A: ignite blood 1
a: no special abilities


You were on level 2 of the Dungeon.
You visited 1 branch of the dungeon, and saw 2 of its levels.

You collected 60 gold pieces.

Inventory:

Hand Weapons
 A - a +0 mace of draining (weapon)
Armour
 a - a +0 robe (worn)
Scrolls
 c - 2 scrolls of identify {unknown}
 e - a scroll of enchant weapon {unknown}
Potions
 b - a potion of magic
 d - 2 potions of cancellation {unknown}
 f - a potion of resistance {unknown}
 g - a potion of berserk rage {unknown}
 h - a potion of might {unknown}


   Skills:
 * Level 0.5 Fighting
 * Level 0.2 Armour
 * Level 1.9 Dodging
 + Level 1.9 Stealth
 * Level 2.3 Spellcasting
 * Level 4.5 Conjurations


You had 3 spell levels left.
You knew the following spells:

 Your Spells              Type           Power      Damage    Failure   Level
a - Magic Dart            Conj           84%        1d7       2%          1
b - Searing Ray           Conj           42%        2d6       3%          2

Your spell library contained the following spells:

 Spells                   Type           Power      Damage    Failure   Level
 Dazzling Flash           Conj/Hex       24%        N/A       17%         3
 Fulminant Prism          Conj/Hex       6%         3d7       50%         4
 Iskenderun's Mystic Bla  Conj/Tloc      12%        2d5       50%         4


Dungeon Overview and Level Annotations

Branches:
Dungeon (2/15)

Altars:


Innate Abilities, Weirdness & Mutations

Your demonic aura sometimes causes spilled blood to erupt in flames.


Message History

A hobgoblin comes into view.
The adder barely misses you. The hobgoblin hits you.
Unknown command.
There are monsters nearby!
You hit the hobgoblin.
You kill the hobgoblin!
The adder misses you.
The frilled lizard bites you but does no damage.
The adder bites you.
You are poisoned.
The adder poisons you!
Unknown command.
You hit the adder.
The adder is moderately wounded.
You feel sick. The adder misses you. The frilled lizard barely misses you.
The adder bites you.
You closely miss the adder.
The adder is moderately wounded.
You feel sick. The frilled lizard bites you. The hobgoblin closely misses you.
The adder bites you. The hobgoblin hits you.
The frilled lizard closely misses you.
You are too injured to fight recklessly!
Unknown command.
Unknown command.
You are too injured to fight recklessly!
You are too injured to fight recklessly!
Unknown command.
You are too injured to fight recklessly!
Unknown command.
You are too injured to fight recklessly!
Unknown command.
You feel sick. The adder bites you.
* * * LOW HITPOINT WARNING * * *
You are lethally poisoned!
The adder poisons you!
You barely miss the adder.
The adder is moderately wounded.
* * * LOW HITPOINT WARNING * * *
You feel sick. The adder bites you.
You die...

#.........####.#..†##
#...>.<...####.......
#####.........#........##
#.............#.##.......
#........######.##.....##
#........'.# #........<#
#........### #####...[##
#######'####### #...##
#.@.....# #...# ###S###.#
#.#.# .%^....†l...# #.#.#
......$.##### #...#
...$....# #+ ###......
#.#.... #.#.... # #.....


You could see an adder and a frilled lizard.

Vanquished Creatures
  2 dart slugs (D:1)
  A worm (D:2)
  A giant cockroach (D:1)
  A goblin (D:1)
  10 hobgoblins
  2 jackals (D:1)
  A kobold (D:1)
  A ball python (D:2)
  A bat (D:2)
  2 frilled lizards (D:1)
  3 rats (D:1)
25 creatures vanquished.

Notes
Turn   | Place    | Note
-------+----------+-------------------------------------------
     0 | D:1      | Morbidden the Demonspawn Conjurer began the quest for the
                  | Orb.
     0 | D:1      | Reached XP level 1. HP: 13/13 MP: 3/3
   234 | D:1      | Gained mutation: Your demonic aura sometimes causes spilled
                  | blood to erupt in flames. [demonic ancestry]
   234 | D:1      | Reached XP level 2. HP: 20/20 MP: 1/5
  1105 | D:2      | Reached XP level 3. HP: 20/25 MP: 1/6
  1179 | D:2      | Learned a level 2 spell: Searing Ray
  1219 | D:2      | Slain by an adder

Illustrated notes

Levels and vault maps discovered:
D:1:      elethiomel_arrival_quiet, layout_loops_ring
D:2:      layout_basic, ebering_ecumenical_altar_petrified, uniq_terence,
          uniq_robin

Action                     || total
---------------------------++-------
  Melee: Mace              ||    27
         Unarmed           ||     8
         Punch             ||     1
   Cast: Magic Dart        ||    50
 Armour: Robe              ||    11
  Dodge: Dodged            ||    38

Table legend: (Time is in decaauts)
 A = Elapsed time spent in this place.
 B = Non-inter-level travel time spent in this place.
 C = Inter-level travel time spent in this place.
 D = Time resting spent in this place.
 E = Time spent auto-exploring this place.
 F = Levels seen in this place.
 G = Mean time per level.
                   A        B        C        D        E       F      G
               +--------+--------+--------+--------+--------+-----+--------+
         Total |   1228 |   1204 |     24 |     25 |   1022 |   2 |  614.0 |
       Dungeon |   1228 |   1204 |     24 |     25 |   1022 |   2 |  614.0 |
               +--------+--------+--------+--------+--------+-----+--------+

Top non-repeatable levels by time:
     D:1: 1087 daAuts
     D:2: 141 daAuts
